 Dungeon Crawl Stone Soup version 0.23.2-33-g5129a83184 (webtiles) character file.

Game seed: 4689284610804319144

278 H0rd4k the Magician (level 6, -7/32 HPs)
             Began as a Deep Elf Wizard on July 9, 2019.
             Killed by divine providence
             ... invoked by an orc priest
              (13 damage)
             ... on level 4 of the Dungeon.
             The game lasted 00:06:46 (2985 turns).

H0rd4k the Magician (Deep Elf Wizard)               Turns: 2985, Time: 00:06:47

Health: -7/32      AC:  2    Str:  4    XL:     6   Next: 5%
Magic:  9/18       EV: 13    Int: 25    God:
Gold:   158        SH:  0    Dex: 13    Spells: 13/19 levels left

rFire    . . .     SeeInvis .   (no weapon)
rCold    . . .     Gourm    .   (no shield)
rNeg     . . .     Faith    .   a - +0 robe
rPois    .         Spirit   .   b - +0 hat
rElec    .         Reflect  .   (no cloak)
rCorr    .         Harm     .   (no gloves)
MR       .....                  (no boots)
Stlth    ++........             (no amulet)
HPRegen  0.10/turn              (no ring)
MPRegen  0.16/turn              (no ring)

@: very slightly contaminated
A: no striking features
a: no special abilities


You were on level 4 of the Dungeon.
You were very hungry.

You visited 1 branch of the dungeon, and saw 4 of its levels.

You collected 158 gold pieces.

Inventory:

Hand Weapons
 h - a +2 short sword of speed
 i - a +2 short sword of holy wrath
 r - a +5 dagger
Armour
 a - a +0 robe (worn)
 b - a +0 hat (worn)
Wands
 n - a wand of clouds (5)
 p - a wand of enslavement (7)
Scrolls
 e - 3 scrolls of teleportation {unknown}
 g - 4 scrolls of identify {unknown}
 j - a scroll of noise {unknown}
 l - a scroll of amnesia {unknown}
 m - 5 scrolls of remove curse {unknown}
 o - a scroll of fog {unknown}
Potions
 c - 4 potions of heal wounds {unknown}
 f - a potion of mutation {unknown}
 k - 2 potions of haste {unknown}
 q - a potion of magic {unknown}
 s - 2 potions of cancellation {unknown}
 t - a potion of ambrosia {unknown}
Comestibles
 d - 11 rations


   Skills:
 + Level 2.9 Dodging
 + Level 3.0 Stealth
 + Level 7.1 Spellcasting
 + Level 3.4 Conjurations
   Level 1.1 Summonings
 + Level 1.1 Translocations
 + Level 2.2 Fire Magic


You had 13 spell levels left.
You knew the following spells:

 Your Spells              Type           Power        Failure   Level  Hunger
a - Magic Dart            Conj           ####         1%          1    None
b - Blink                 Tloc           N/A          6%          2    None
c - Conjure Flame         Conj/Fire      ###.....     6%          3    None

Your spell library contained the following spells:

 Spells                   Type           Power        Failure   Level  Hunger
 Call Imp                 Summ           ##......     6%          2    None
 Slow                     Hex            #.......     10%         2    None
 Mephitic Cloud           Conj/Pois/Air  ##......     12%         3    None


Dungeon Overview and Level Annotations

Branches:
Dungeon (4/15)
 Temple: D:4-7

Altars:
Uskayaw

Annotations:
D:2 exclusion: downstairs, Terence
D:3 exclusion: 2 downstairs
D:4 exclusion: orc wizard


Message History

The magic dart hits the orc priest but does no damage.
The orc priest is severely wounded.
Casting: Magic Dart (safe; 1% risk of failure)
Confirm with . or Enter, or press ? or * to list all spells.
Aiming: Magic Dart (safe; 1% risk of failure)
Press: ? - help, Shift-Dir - straight line, f/p - orc priest
Aim: an orc priest, wielding a +0 war axe and wearing a +0 ring mail (severely wounded)
The magic dart hits the orc priest.
The orc priest is almost dead.
Casting: Magic Dart (safe; 1% risk of failure)
Confirm with . or Enter, or press ? or * to list all spells.
Aiming: Magic Dart (safe; 1% risk of failure)
Press: ? - help, Shift-Dir - straight line, f/p - orc priest
Aim: an orc priest, wielding a +0 war axe and wearing a +0 ring mail (almost dead)
You miscast Magic Dart.
You are very lightly contaminated with residual magic.
Nothing appears to happen.
The orc priest mumbles some strange prayers to Beogh against you.
Beogh smites you!
You die...

............## ###(.#
...........## ###.##
#####.##.### #.o.#
#o##.# ##.### ##.#.)#
#####o.# #....##
#...K.## ##..##
#.##### #####o### #.#
#.......# #@#
#....##.# #.#
#....##.## #o#
#....##..#######.#
#......[.)).)..#)# ##
#....##.######[..# #.
#....##...# ##<.### #.
#....####.#
##..(#########.#
######
#.#####..#........##.#


You could see an orc priest.

Vanquished Creatures
  A water moccasin skeleton (D:4)
  An orc wizard (D:3)
  An orc priest (D:4)
  A worker ant (D:4)
  7 adders
  A dart slug (D:1)
  2 leopard geckos
  11 orcs
  4 giant cockroaches
  7 goblins
  8 hobgoblins
  2 jackals (D:1)
  A quokka (D:3)
  2 ball pythons
  4 bats
  5 frilled lizards
  9 kobolds
  5 rats
72 creatures vanquished.

Notes
Turn   | Place    | Note
-------+----------+-------------------------------------------
     0 | D:1      | H0rd4k the Deep Elf Wizard began the quest for the Orb.
     0 | D:1      | Reached XP level 1. HP: 10/10 MP: 7/7
   274 | D:1      | Reached XP level 2. HP: 12/15 MP: 4/9
   316 | D:1      | Reached skill level 5 in Spellcasting
   755 | D:2      | Reached XP level 3. HP: 19/19 MP: 6/12
   759 | D:2      | Learned a level 2 spell: Blink
   763 | D:2      | Learned a level 3 spell: Conjure Flame
   968 | D:2      | Reached skill level 6 in Spellcasting
   985 | D:2      | Reached XP level 4. HP: 23/24 MP: 4/14
   995 | D:2      | Noticed Terence
  1821 | D:3      | Found a hide-covered altar of Uskayaw.
  1903 | D:4      | Reached skill level 1 in Fire Magic
  1903 | D:4      | Reached XP level 5. HP: 23/28 MP: 10/16
  2613 | D:4      | Reached skill level 7 in Spellcasting
  2613 | D:4      | Reached XP level 6. HP: 12/32 MP: 5/18
  2985 | D:4      | Killed from afar by an orc priest

Skill      XL: |  1  2  3  4  5 |
---------------+----------------+-----
Spellcasting   | 5 6 7 |  7.1
Conjurations   | 2 3 |  3.4
Stealth        | 3 |  3.0
Fire Magic     | 1 2 |  2.2
Dodging        | |  2.9
Summonings     | |  1.1
Translocations | |  1.1

Action                   |  1- 3 |  4- 6 || total
-------------------------+-------+-------++-------
 Cast: Magic Dart        |    88 |   119 ||   207
       Conjure Flame     |       |     1 ||     1
       Blink             |       |     3 ||     3
  Eat: Chunk             |       |     5 ||     5
Armor: Robe              |       |     2 ||     2
Dodge: Dodged            |     5 |    26 ||    31
